 Dungeon Crawl Stone Soup version 0.31-a0-854-g362426d53f (webtiles) character file.

Game seed: 15204477612137752187

7952 Fodor the Basher (level 11, -3/97 HPs)
             Began as a Minotaur Fighter on Oct 8, 2023.
             Was an Initiate of Gozag.
             Slain by Urug
             ... wielding a +2 heavy battleaxe
              (30 damage)
             ... on level 11 of the Dungeon on Oct 9, 2023.
             The game lasted 00:54:57 (10610 turns).

Fodor the Basher (Minotaur Fighter)                Turns: 10610, Time: 00:54:57

Health: -3/97      AC: 22    Str: 25    XL:     11   Next: 3%
Magic:  0/10       EV: 10    Int:  5    God:    Gozag
Gold:   902        SH:  0    Dex: 10    Spells: 10/10 levels left

rFire   + . .        B - +2 dire flail (protect)
rCold   + . .        (shield currently unavailable)
rNeg    . . .        k - +0 chain mail
rPois   .            (helmet restricted)
rElec   .            (no cloak)
rCorr   .            e - +0 pair of gloves
SInv    +            a - +1 pair of boots
Will    .....        O - amulet of guardian spirit Stlth
                     o - ring of protection from cold
HPRegen 0.36/turn    (no ring)
MPRegen 0.12/turn

%: guardian spirit
@: mighty, under a protective aura
A: horns 2, retaliatory headbutt, talons 1, see invisible, fire resistance 1
a: Renounce Religion, Potion Petition, Call Merchant, Bribe Branch


You were on level 11 of the Dungeon.
You worshipped Gozag.
Gozag was pleased with you.
You visited 2 branches of the dungeon, and saw 12 of its levels.
You also visited: Sewer.

You collected 1123 gold pieces.
You spent 84 gold pieces at shops.
You paid 137 gold pieces to Gozag.

Inventory:

Hand Weapons
 i - a +0 broad axe
 B - a +2 dire flail of protection (weapon)
 D - a +0 shortbow
Missiles
 f - 2 throwing nets
 r - 14 poisoned darts (quivered)
Armour
 a - a +1 pair of boots (worn)
 c - a +0 buckler
 e - a +0 pair of gloves (worn)
 k - a +0 chain mail (worn)
Jewellery
 o - a ring of protection from cold (left hand)
 O - an amulet of guardian spirit (around neck)
Talismans
 Q - a serpent talisman
Wands
 s - a wand of paralysis (12)
 x - a wand of digging (4)
 C - a wand of flame (10)
Scrolls
 b - a scroll of enchant weapon {unknown}
 h - a scroll of butterflies
 j - 2 scrolls of fog
 l - 4 scrolls of teleportation
 m - 3 scrolls of immolation
 n - 3 scrolls of fear
 p - 2 scrolls of vulnerability
 q - 5 scrolls of blinking
 t - 2 scrolls of enchant armour
 u - 2 scrolls of noise
 v - a scroll of poison
 y - 2 scrolls of amnesia
 G - a scroll of acquirement
 H - 2 scrolls of identify
 K - a scroll of silence {unknown}
Potions
 g - a potion of degeneration
 z - 2 potions of cancellation {unknown}
 A - a potion of haste
 E - a potion of mutation
 F - 2 potions of enlightenment {unknown}
 I - a potion of resistance {unknown}
 L - a potion of lignification {unknown}
 M - 3 potions of berserk rage {unknown}
 N - a potion of invisibility {unknown}
 P - a potion of heal wounds {unknown}
Miscellaneous
 J - a box of beasts


   Skills:
 + Level 9.3 Fighting
 + Level 8.3 Long Blades
 + Level 11.3 Maces & Flails
 + Level 2.4 Throwing
 + Level 10.1 Armour
 + Level 5.1 Dodging
 + Level 1.4 Stealth
 + Level 5.3 Shields


You had 10 spell levels left.
You didn't know any spells.
Your spell library contained the following spells:

 Spells                   Type           Power      Damage    Failure   Level
 Ensorcelled Hibernation  Hex/Ice        0%         N/A       97%         2
 Passwall                 Tmut/Erth      0%         N/A       97%         2
 Wereblood                Tmut           0%         N/A       97%         2
 Frozen Ramparts          Ice            0%         1d1       100%        3
 Summon Guardian Golem    Hex/Summ       0%         N/A       100%        3
 Swiftness                Air            0%         N/A       100%        3
 Tukima's Dance           Hex            0%         N/A       100%        3
 Dimensional Bullseye     Hex/Tloc       0%         N/A       100%        4
 Iskenderun's Mystic Bla  Conj/Tloc      0%         2d3       100%        4
 Petrify                  Tmut/Erth      0%         N/A       100%        4
 Irradiate                Conj/Tmut      0%         3d11      100%        5
 Metabolic Englaciation   Hex/Ice        0%         N/A       100%        5
 Orb of Destruction       Conj           0%         9d5       100%        7
 Spellforged Servitor     Conj/Summ      0%         N/A       100%        7


Dungeon Overview and Level Annotations

Branches:
Dungeon (11/15)            Temple (1/1) D:6            Lair (0/5) D:9
  Sewer (visited)
    Orc: D:9-12

Altars:
Ashenzari
Cheibriados
Dithmenos
Elyvilon
Fedhas
Gozag
Hepliaklqana
Kikubaaqudgha
Makhleb
Nemelex Xobeh
Okawaru
Qazlal
Ru
Sif Muna
Trog
Uskayaw
Vehumet
Wu Jian
Xom
Yredelemnul
Zin
The Shining One

Shops:
D:2 **[   D:6 ?   D:8 ***

Annotations:
D:8 1 transporter
D:11 Erolcha, Urug


Innate Abilities, Weirdness & Mutations

You have a pair of horns on your head.
You reflexively headbutt those who attack you in melee.
You have sharp toenails.
You have supernaturally acute eyesight. (SInv)
Your flesh is heat resistant. (rF+)


Message History

You see here 2 stones.
You see here a serpent talisman.
Q - a serpent talisman You see here a +0 shortbow.
There is a large open door here.
Unknown command.
You see here a +0 scale mail.
Found a book of Changes.
You pick up a book of Changes and begin reading...
You add the spells Wereblood and Irradiate to your library.
There is a stone staircase leading down here.
You climb downwards.
Erolcha shouts!
Urug shouts!
There is a stone staircase leading up here.
Erolcha mumbles some strange words.
Erolcha flickers and vanishes for a moment.
You barely miss Urug. Your headbutt misses Urug. You hit Urug but do no damage.
Your weapon exudes an aura of protection.
Urug hits you with a +2 heavy battleaxe!!
You bludgeon Urug!!
Urug is moderately wounded.
You impale Urug!! Your headbutt misses Urug.
Urug is severely wounded.
Urug hits you with a +2 heavy battleaxe!!!
You closely miss Urug. Your headbutt misses Urug.
Urug is severely wounded.
You hit Urug but do no damage.
Urug is severely wounded.
Urug hits you with a +2 heavy battleaxe.
Erolcha hits you with a +0 giant club!!
* * * LOW HITPOINT WARNING * * *
Unknown command.
You feel better.
You feel very mighty all of a sudden. Erolcha barely misses you.
Urug hits you with a +2 heavy battleaxe!!
You die...
Urug says, "One more harpy dead."
Your body crumbles into a pile of gold.

#.... #...# #...#
#...# #######...#
..........#
..........#######
#....O..<.......
#....o@.........
#...............
#...............
#...............
#....#########..
...... . ......
......


You could see Urug and Erolcha (invisible).

Vanquished Creatures
  A two-headed ogre (D:9)
  Psyche (D:9)
  2 trolls
  A shadow (D:9)
  Sigmund (D:6)
  2 wyverns
  2 wraiths
  Menkaure (D:6)
  5 yaks
  Edmund (D:5)
  2 acid dragons
  2 orc warriors
  2 sky beasts
  2 ice beasts
  3 black bears
  An ogre (D:5)
  2 wolves (D:9)
  5 centaurs
  A phantom (D:4)
  A kobold brigand (D:8)
  3 bullfrogs
  3 gnoll sergeants
  4 scorpions
  7 wights
  7 killer bees
  An electric eel (D:9)
  6 howler monkeys
  9 hounds
  2 jellies
  6 orc priests
  3 sleepcaps
  Crazy Yiuf (D:6)
  Terence (D:3)
  A gnoll bouda (D:7)
  2 iguanas
  Natasha (thrice) (D:3)
  8 orc wizards
  8 adders
  21 gnolls
  A river rat (D:5)
  2 shadow imps
  An ufetubus (D:5)
  2 worms
  3 dart slugs
  29 orcs
  6 ball pythons
  4 endoplasms
  5 giant cockroaches
  5 goblins
  3 hobgoblins
  14 jackals
  9 kobolds
  4 quokkas
  9 bats
  3 frilled lizards
  6 rats
240 creatures vanquished.

Notes
Turn   | Place    | Note
-------+----------+-------------------------------------------
     0 | D:1      | Fodor the Minotaur Fighter began the quest for the Orb.
     0 | D:1      | Reached XP level 1. HP: 19/19 MP: 0/0
   218 | D:1      | Reached XP level 2. HP: 27/27 MP: 1/1
   700 | D:1      | Reached XP level 3. HP: 32/33 MP: 2/2
  1069 | D:2      | Found Ifojyel's Antique Armour Shoppe.
  1101 | D:2      | You fall into a shaft and drop 1 floor!
  1119 | D:2      | Reached XP level 4. HP: 40/41 MP: 3/3
  1172 | D:2      | Found a faded altar of an unknown god.
  1258 | D:2      | Found Utuiler's Assorted Antiques.
  1338 | D:2      | Found Giloz's Assorted Antiques.
  1519 | D:3      | Noticed Natasha
  1527 | D:3      | Killed Natasha
  1528 | D:3      | Reached skill level 1 in Dodging
  1726 | D:3      | Reached XP level 5. HP: 28/47 MP: 4/4
  1916 | D:3      | Found a basalt altar of Yredelemnul.
  1916 | D:3      | Noticed Terence
  1929 | D:3      | Killed Terence
  2183 | D:3      | Noticed Natasha
  2192 | D:3      | Killed Natasha
  2193 | D:3      | Reached skill level 5 in Fighting
  2237 | D:3      | Noticed Natasha
  2244 | D:3      | Killed Natasha
  2443 | D:4      | Noticed a phantom
  2450 | D:4      | Reached XP level 6. HP: 56/56 MP: 5/5
  2458 | D:4      | Reached skill level 5 in Long Blades
  2501 | D:4      | Found an iron altar of Okawaru.
  2606 | D:4      | Reached skill level 5 in Armour
  2623 | D:4      | Gained mutation: Your flesh is heat resistant. (rF+)
                  | [potion of mutation]
  2623 | D:4      | Gained mutation: You have supernaturally acute eyesight.
                  | (SInv) [potion of mutation]
  2623 | D:4      | Gained mutation: You have sharp toenails. [potion of
                  | mutation]
  2888 | D:4      | Reached XP level 7. HP: 61/61 MP: 6/6
  3155 | D:5      | Entered Level 5 of the Dungeon
  3191 | D:5      | Found a sacrificial altar of Ru.
  3492 | D:5      | Reached skill level 5 in Shields
  3834 | D:5      | Found a glowing drain.
  3860 | Sewer    | Entered a sewer
  4025 | D:5      | Noticed Edmund
  4037 | D:5      | Killed Edmund
  4038 | D:5      | Reached XP level 8. HP: 7/70 MP: 7/7
  4374 | D:6      | Noticed Menkaure
  4379 | D:6      | Killed Menkaure
  4429 | D:6      | Noticed Sigmund
  4439 | D:6      | Killed Sigmund
  4440 | D:6      | Reached skill level 1 in Maces & Flails
  4486 | D:6      | Found a shadowy altar of Dithmenos.
  4662 | D:6      | Found a staircase to the Ecumenical Temple.
  4675 | Temple   | Entered the Ecumenical Temple
  5132 | D:6      | Found Piatrau's Magic Scroll Shop.
  5519 | D:6      | Found a runed translucent door.
  5520 | D:6      | Noticed Crazy Yiuf
  5528 | D:6      | Killed Crazy Yiuf
  5842 | D:7      | Reached skill level 2 in Maces & Flails
  5909 | D:7      | Reached skill level 3 in Maces & Flails
  5932 | D:7      | Reached XP level 9. HP: 58/79 MP: 8/8
  6143 | D:7      | Reached skill level 4 in Maces & Flails
  6314 | D:7      | Reached skill level 5 in Maces & Flails
  6916 | D:7      | Reached skill level 6 in Maces & Flails
  6980 | D:8      | Found a transporter.
  6980 | D:8      | Found a transporter.
  7232 | D:8      | Found Wonwieff's Specific Store.
  7233 | D:8      | Found Ubrymiowoe's General Store.
  7258 | D:8      | Reached skill level 7 in Maces & Flails
  7290 | D:8      | Bought 3 scrolls of identify for 84 gold pieces
  7298 | D:8      | Found an opulent altar of Gozag.
  7321 | D:8      | Identified a scroll of acquirement
  7359 | D:8      | Found Gozag's Platinum Reserve.
  7365 | D:8      | Became a worshipper of Gozag Ym Sagoz the Greedy
  7815 | D:8      | Found a broken altar of Ashenzari.
  7909 | D:8      | Reached skill level 8 in Maces & Flails
  8153 | D:9      | Found a bloodstained altar of Trog.
  8548 | D:9      | Noticed Psyche
  8552 | D:9      | Reached skill level 1 in Throwing
  8570 | D:9      | Killed Psyche
  8571 | D:9      | Reached skill level 1 in Stealth
  8571 | D:9      | Reached XP level 10. HP: 51/88 MP: 9/9
  8685 | D:9      | Reached skill level 9 in Maces & Flails
  8938 | D:9      | Noticed a two-headed ogre
  8958 | D:9      | Killed a two-headed ogre
  8959 | D:9      | Reached skill level 10 in Maces & Flails
  9134 | D:9      | Found a staircase to the Lair.
  9834 | D:10     | Entered Level 10 of the Dungeon
  9992 | D:10     | Reached skill level 11 in Maces & Flails
 10005 | D:10     | Reached skill level 5 in Dodging
 10122 | D:10     | Found a hazy altar of Hepliaklqana.
 10251 | D:10     | Reached skill level 10 in Armour
 10271 | D:10     | Reached XP level 11. HP: 37/97 MP: 10/10
 10600 | D:11     | Noticed Erolcha
 10600 | D:11     | Noticed Urug
 10610 | D:11     | Slain by Urug

Illustrated notes

Levels and vault maps discovered:
D:1:      co_arrival_random_square_maze, layout_basic, minmay_hexomino_f4
D:2:      layout_basic, serial_shops, shop, nicolae_shop_rolling_square, shop,
          chequers_ecumenical_altar_island, minmay_surrounded
D:3:      layout_loops_ring, mainiacjoe_overflow_alcove_2,
          palyth_stone_intersect, uniq_natasha, uniq_terence
D:4:      layout_cave_pools, lemuel_coloured_pillars_altar, amethyst_killhole,
          item_on_display_a
D:5:      layout_loops_ring, lemuel_doored_altar, portal_sewer_entry_b,
          minivault_5, uniq_edmund
D:6:      layout_basic, nicolae_dithmenos_the_darkroom,
          minmay_temple_entry_ruins, serial_shops, shop,
          uniq_crazy_yiuf_cottage, uniq_sigmund, uniq_menkaure
D:7:      layout_basic, eino_tiny_chamber
D:8:      layout_gridville, ashenzari_altar_1, nicolae_gozag_zags_fifth_avenue,
          nicolae_specific_store, nicolae_diode_stairs
D:9:      layout_loops_ring, mainiacjoe_overflow_tiny_flanked, erik_lair_island,
          amcnicky_mini_pool_medium, uniq_psyche
D:10:     layout_basic, mainiacjoe_overflow_paths, kennysheep_dice
D:11:     layout_irregular_city, hiddenorc2_lemuel, small_statue_alley_a,
          uniq_erolcha, uniq_urug
Temple:   nicolae_temple_superstar

Skill      XL: |  1  2  3  4  5  6  7  8  9 10 |
---------------+-------------------------------+-----
Fighting       | 4 5 6 7 8 9 |  9.3
Armour         | 4 5 6 7 8 10 | 10.1
Shields        | 4 5 |  5.3
Long Blades    | 3 4 5 7 8 |  8.3
Dodging        | 1 2 3 5 |  5.1
Maces & Flails | 3 8 11 | 11.3
Throwing       | 1 2 |  2.4
Stealth        | 1 |  1.4

Action                     |  1- 3 |  4- 6 |  7- 9 | 10-12 || total
---------------------------+-------+-------+-------+-------++-------
  Melee: Long sword        |    81 |   141 |    99 |       ||   321
         Headbutt          |    15 |    25 |    60 |    28 ||   128
         Kick              |       |     7 |    27 |       ||    34
         Dire flail        |       |       |   245 |   165 ||   410
  Throw: Dart              |       |     3 |     5 |    13 ||    21
         Throwing net      |       |       |       |     2 ||     2
    Use: Potion            |       |     6 |       |     4 ||    10
         Scroll            |       |       |    12 |       ||    12
 Armour: Scale mail        |    72 |    38 |       |       ||   110
         Chain mail        |       |   124 |   429 |   196 ||   749
  Dodge: Dodged            |    63 |    77 |   227 |   103 ||   470
  Block: Buckler           |    22 |    42 |    20 |       ||    84

Table legend: (Time is in decaauts)
 A = Elapsed time spent in this place.
 B = Non-inter-level travel time spent in this place.
 C = Inter-level travel time spent in this place.
 D = Time resting spent in this place.
 E = Time spent auto-exploring this place.
 F = Levels seen in this place.
 G = Mean time per level.
                   A        B        C        D        E       F      G
               +--------+--------+--------+--------+--------+-----+--------+
         Total |  10658 |  10407 |    251 |   2198 |      0 |  13 |  819.8 |
       Dungeon |  10557 |  10306 |    251 |   2198 |      0 |  11 |  959.7 |
        Temple |     97 |     97 |      0 |      0 |      0 |   1 |   97.0 |
         Sewer |      2 |      2 |      0 |      0 |      0 |   1 |    2.0 |
               +--------+--------+--------+--------+--------+-----+--------+

Top non-repeatable levels by time:
     D:9: 1674 daAuts
     D:6: 1342 daAuts
     D:5: 1225 daAuts
     D:7: 1191 daAuts
     D:8: 1168 daAuts
     D:3: 888 daAuts
     D:1: 880 daAuts
     D:4: 763 daAuts
    D:10: 749 daAuts
     D:2: 665 daAuts
  Temple: 97 daAuts
    D:11: 8 daAuts
   Sewer: 2 daAuts
